Cogmind - Beta 12 @@@ ROGUE MODE // 2023.07.12 @ 15:32:50 Player: Zurdo Result: Self-destructed Performance ------------- Evolutions (1) 500 Regions Visited (2) 400 Robots Destroyed (38) 190 Value Destroyed (1015) 1015 Prototype IDs (0) 0 Alien Tech Used (0) 0 Bonus (0) 0 TOTAL SCORE: 2105 Bonus ------- None Cogmind --------- Core Integrity 159/400 Matter 400/400 Energy 18/265 System Corruption 0% Temperature Cool (0) Movement Core (300) Ox5 Location -9/Materials Parts ------- > --- POWER (1) -------- Improved Ion Engine > --- PROPULSION (2) --- (None) > --- UTILITY (4) ------ Heat Sink Medium Matter Pod Hacking Suite > --- WEAPON (2) ------- Ion Cannon > --- INVENTORY (5) ---- Titanium Leg Titanium Leg Hacking Suite Peak State ------------ > --- POWER ------------ Ion Engine > --- PROPULSION ------- Titanium Leg Titanium Leg > --- UTILITY ---------- Medium Matter Pod Shield Generator Hacking Suite Hacking Suite > --- WEAPON ----------- Ion Cannon Ion Cannon > --- INVENTORY -------- Titanium Leg Titanium Leg Shield Generator Hacking Suite Heavy Assault Rifle [Rating: 23] Favorites ----------- Power Ion Engine Engine Ion Engine Power Core Light Nuclear Core Propulsion Titanium Leg Leg Titanium Leg Utility Medium Matter Pod Device Heat Sink Storage Medium Matter Pod Hackware Hacking Suite Weapon Ion Cannon Energy Gun Medium Laser Energy Cannon Ion Cannon Ballistic Gun Heavy Assault Rifle Build | -11 -10 -9 ------- Run | Jun Mat Mat Slots Evolved 2 | . . 2 Power . | . . . Propulsion . | . . . Utility 2 | . . 2 Weapon . | . . . Parts Attached 44 | 5 26 13 Power 6 | 1 3 2 Engine 5 | 1 2 2 Core 1 | . 1 . Reactor . | . . . Propulsion 14 | 2 10 2 Treads . | . . . Leg 14 | 2 10 2 Wheel . | . . . Hover . | . . . Flight . | . . . Utility 11 | . 6 5 Device 8 | . 5 3 Storage 1 | . 1 . Processor . | . . . Hackware 2 | . . 2 Protection . | . . . Artifact . | . . . Weapon 13 | 2 7 4 Energy Gun 1 | 1 . . Energy Cannon 3 | . . 3 Ballistic Gun 9 | 1 7 1 Ballistic Cannon . | . . . Launcher . | . . . Special Weapon . | . . . Impact Weapon . | . . . Slashing Weapon . | . . . Piercing Weapon . | . . . Special Melee Weapon . | . . . Unidentified Prototypes . | . . . Parts Lost 7 | . 1 6 Power . | . . . Propulsion 2 | . . 2 Utility 3 | . 1 2 Weapon 2 | . . 2 Highest Loss Streak 5 | . 1 5 To Critical Strikes . | . . . Average Slot Usage (%) 97 | . 97 97 Engine 9 | . 8 11 Core 2 | . 5 . Leg 24 | . 27 21 Device 12 | . 13 11 Storage 12 | . 13 11 Hackware 9 | . . 19 Energy Cannon 11 | . . 21 Ballistic Gun 12 | . 25 . Naked Turns . | . . . Heaviest Build 24 | 8 15 24 Greatest Support 34 | 20 20 34 Greatest Overweight (x) 4 | . 4 1 Average Overweight (x) . | . . . Largest Inventory Capacity 5 | 5 5 5 Average Capacity 5 | 5 5 5 Most Carried 5 | . 5 5 Average Carried 4 | . 4 4 Final Capacity 5 | 5 5 5 Final Carried 5 | . 5 3 Class Distribution -------------------- 58% | Mutant 41% | Hacker-Mutant Dominant Class ---------------- Mutant | -10/Materials Hacker-Mutant | -9/Materials Resources | -11 -10 -9 ----------- Run | Jun Mat Mat Matter Collected 1036 | 99 665 272 Remotely . | . . . Salvage Created 1265 | . 609 656 Parts 90 | . 39 51 Haulers Intercepted . | . . . Recyclers Shooed . | . . . Parts Field Recycled . | . . . Retrieved Matter . | . . . Parts Self-Destructed . | . . . Prevented . | . . . Kills | -11 -10 -9 ------- Run | Jun Mat Mat Combat Hostiles Destroyed 31 | . 16 15 Guns 16 | . 16 . Cannons 14 | . . 14 Classes Destroyed 7 | . 4 3 Builder 3 | . . 3 Tunneler 1 | . 1 . Operator 2 | . . 2 Watcher 1 | . 1 . Swarmer 7 | . 3 4 Grunt 21 | . 13 8 Sentry 3 | . . 3 Best Kill Streak 7 | . 3 7 Combat Bots Only 5 | . 3 5 Max Kills in Single Turn 2 | . 2 2 Gunslinging 1 | . 1 . Exploded . | . . . Melee . | . . . Uniques/NPCs Destroyed . | . . . Combat | -11 -10 -9 -------- Run | Jun Mat Mat Damage Taken 1532 | . 576 956 Core 356 | . 115 241 Absorbed by Shields 199 | . 141 58 Regen/Repaired (Parts) 26 | . . 26 Core Remaining (%) 77 | 100 54 . Volleys Fired 93 | . 56 37 Largest 2 | . 2 2 Hottest 120 | . 70 120 Shots Fired 184 | . 112 72 Gun 112 | . 112 . Cannon 72 | . . 72 Launcher . | . . . Special . | . . . Kinetic 107 | . 107 . Thermal 77 | . 5 72 Explosive . | . . . Electromagnetic . | . . . Robot Hit Streak 7 | . 7 7 Robot Miss Streak 5 | . 5 4 Penetration Max . | . . . Secondary Targets 4 | . 4 . Max Gunslinging Chain 1 | . 1 . Shots Hit Robots 100 | . 62 38 Core Hits 46 | . 26 20 Critical Kills 1 | . . 1 Critical Parts Destroyed 1 | . 1 . Critical Strikes 3 | . 2 1 Burn 1 | . 1 . Meltdown 1 | . . 1 Destroy 1 | . 1 . Melee Attacks . | . . . Impact . | . . . Slashing . | . . . Piercing . | . . . Sneak Attacks . | . . . Combat Hostiles . | . . . Follow-up Attacks . | . . . Damage Inflicted 1995 | . 1005 990 Guns 1005 | . 1005 . Cannons 990 | . . 990 Explosions . | . . . Melee . | . . . Ramming . | . . . Kinetic 967 | . 967 . Thermal 1028 | . 38 990 Explosive . | . . . Electromagnetic . | . . . Impact . | . . . Slashing . | . . . Piercing . | . . . Highest Corruption . | . . . Average Corruption . | . . . Corruption Purged . | . . . Corruption Blocked . | . . . Overload Shots . | . . . Overflow Damage 20 | . . 20 Projectiles 20 | . . 20 Explosions . | . . . Melee . | . . . Knockbacks . | . . . Impact . | . . . Kinetic . | . . . Secondary . | . . . Self-Inflicted Damage . | . . . Shots . | . . . Rammed . | . . . Targets Rammed . | . . . Kicked . | . . . Crushed . | . . . Highest Temperature 246 | . 90 246 Average Temperature 58 | . 21 72 Received Heat Transfer 522 | . 262 260 Siege Activations . | . . . Robots Corrupted . | . . . Combat Hostiles . | . . . Parts Fried . | . . . Impact Corruptions . | . . . Robots Melted 1 | . . 1 Combat Hostiles 1 | . . 1 Parts Melted 5 | . . 5 Heat Transferred 1776 | . 185 1591 Parts Sabotaged . | . . . Parts Stolen . | . . . Parts Stripped . | . . . Power Chain Reactions . | . . . Missiles Intercepted . | . . . Alert | -11 -10 -9 ------- Run | Jun Mat Mat Peak Influence 252 | . 252 224 Initial 105 | . . 105 Average 121 | . 147 104 Maximum Alert Level 1 | . 1 1 Low Security (%) 76 | 100 65 84 Level 1 23 | . 34 15 Level 2 . | . . . Level 3 . | . . . Level 4 . | . . . Level 5 . | . . . High Security . | . . . Max Security . | . . . Squads Dispatched 9 | . 5 4 Investigation 7 | . 5 2 Extermination . | . . . Reinforcement 2 | . . 2 Assault . | . . . Garrison . | . . . Intercept . | . . . Searches Triggered . | . . . Construction Impeded . | . . . Haulers Reinforced . | . . . Active Scanning Responses . | . . . Cargo Convoy Interrupts . | . . . Stealth | -11 -10 -9 --------- Run | Jun Mat Mat Distress Signals 2 | . . 2 Communications Jammed . | . . . Distress Signals . | . . . Times Spotted 53 | . 20 33 Peak Tracking Total 9 | . 3 9 Tactical Retreats 1 | . . 1 Traps | -11 -10 -9 ------- Run | Jun Mat Mat Traps Triggered 8 | . 8 . Indirectly . | . . . Trap Hack Attempts . | . . . Triggered . | . . . Disarmed . | . . . Reprogrammed . | . . . Reused . | . . . Traps Extracted . | . . . Installed . | . . . Triggered . | . . . Machines | -11 -10 -9 ---------- Run | Jun Mat Mat Machines Disabled . | . . . Max in Single Turn . | . . . Machines Repaired . | . . . Machines Sabotaged . | . . . Overloaded Fab Kills . | . . . Hacking | -11 -10 -9 --------- Run | Jun Mat Mat Machines Accessed 9 | . 4 5 Terminals 7 | . 4 3 Fabricators . | . . . Repair Stations 1 | . . 1 Recycling Units . | . . . Scanalyzers 1 | . . 1 Garrison Access . | . . . Total Hacks 25 | . 11 14 Successful 11 | . 1 10 Failed 14 | . 10 4 Catastrophic 1 | . 1 . Database Lockouts . | . . . Manual . | . . . Terminals 21 | . 11 10 Fabricators . | . . . Repair Stations 2 | . . 2 Recycling Units . | . . . Scanalyzers 2 | . . 2 Garrison Access . | . . . Terminal Hacks 7 | . 1 6 Robot Analysis 1 | . 1 . Emergency Access Points 1 | . . 1 Alert Level 2 | . . 2 Unreport Threat 2 | . . 2 Patrol Status 1 | . . 1 Fabricator Hacks . | . . . Repair Station Hacks 2 | . . 2 Scan Component 1 | . . 1 Repair 1 | . . 1 Recycling Unit Hacks . | . . . Scanalyzer 2 | . . 2 Insert Component 1 | . . 1 Analyze 1 | . . 1 Garrison Access Hacks . | . . . Unauthorized Hacks . | . . . Terminals . | . . . Fabricators . | . . . Repair Stations . | . . . Recycling Units . | . . . Scanalyzers . | . . . Garrison Access . | . . . Data Cores Recovered 1 | . . 1 Used 1 | . . 1 Hacking Detections 9 | . 4 5 Full Trace Events 6 | . 3 3 Feedback Events 1 | . . 1 Hackware Fried 1 | . . 1 Feedback Blocked . | . . . Robot Schematics Acquired . | . . . Robots Built . | . . . Authchips . | . . . Time . | . . . Total Robot Build Rating . | . . . Part Schematics Acquired . | . . . Parts Built . | . . . Authchips . | . . . Time . | . . . Total Part Build Rating . | . . . Parts Repaired 1 | . . 1 Time 26 | . . 26 Parts Recycled . | . . . Recycled Matter . | . . . Retrieved Matter . | . . . Retrieved Components . | . . . Parts Scanalyzed 1 | . . 1 Part Schematics Acquired . | . . . Parts Damaged . | . . . Bothacking | -11 -10 -9 ------------ Run | Jun Mat Mat Used RIF Installer . | . . . Robots Hacked . | . . . Non-combat . | . . . Combat . | . . . Robot Hacks Applied . | . . . Relay Couplers Released . | . . . Fabnet Peak Effective % . | . . . Robots Rewired . | . . . Allies Hacked . | . . . Hacks Repelled . | . . . Allies | -11 -10 -9 -------- Run | Jun Mat Mat Total Allies . | . . . Largest Group . | . . . Highest-Rated Group . | . . . Highest-Rated Ally . | . . . Total Orders . | . . . Ally Attacks . | . . . Total Damage . | . . . Kills . | . . . Allies Corrupted . | . . . Allies Melted . | . . . Intel | -11 -10 -9 ------- Run | Jun Mat Mat Robot Analysis Total 1 | . 1 . Derelict Logs Recovered . | . . . Drone Launches . | . . . Drone Recoveries . | . . . Exploration | -11 -10 -9 ------------- Run | Jun Mat Mat Turns Passed 1687 | 46 792 849 Spaces Moved 931 | 37 436 458 Core 11 | 8 3 . Treads . | . . . Legs 920 | 29 433 458 Wheels . | . . . Hover . | . . . Flight . | . . . Fastest Speed 50 | 50 120 120 Average Speed 125 | 104 121 130 Slowest Speed 250 | 120 250 200 Overloaded Moves . | . . . Propulsion Burnouts . | . . . Robots Hopped . | . . . Cave-ins Triggered . | . . . Exploration Rate (%) 35 | 3 71 33 Regions Visited 2 Branch Regions . Pre-discovered Areas . | . . . Known Exits Taken . | . . . Unknown Exits Taken 2 | 1 1 . Scrap Searched . | . . . Spaces Dug . | . . . Terrain Destroyed 13 | . . 13 Melee . | . . . Projectile 13 | . . 13 AOE . | . . . Terrain Rammed . | . . . Walls Destroyed . | . . . Machines Disabled . | . . . Actions | -11 -10 -9 --------- Run | Jun Mat Mat Total 1268 | 41 586 641 Wait 162 | . 49 113 Move 929 | 36 435 458 Hop . | . . . Pick Up 15 | . 8 7 Fast Attach 26 | 5 16 5 Attach 4 | . 1 3 Detach . | . . . Swap 14 | . 9 5 Drop 25 | . 12 13 Fire 93 | . 56 37 Melee . | . . . Ram . | . . . Kick . | . . . Crush . | . . . Escape Stasis . | . . . Rewire . | . . . Trap . | . . . Miscellaneous . | . . . Route ------- -11/Junkyard -10/Materials (discovered 4 exits: *Mat x3 / [*Min]) -9/Materials History --------- Turn | Location | Event 33 | -11/Junkyard | Discovered new exit (range 12) 47 | -11/Junkyard | Entered Materials 200 | -10/Materials | Discovered new exit (range 3) 328 | -10/Materials | Build established: Mutant 616 | -10/Materials | Discovered new exit (range 9) 739 | -10/Materials | Discovered new exit (range 14) 814 | -10/Materials | Discovered new exit (range 14) 839 | -10/Materials | Entered another Materials area 839 | -9/Materials | Evolved 2 slots: Utility x2 1147 | -9/Materials | Build established: Hacker-Mutant 1277 | -9/Materials | Repaired Heat Sink 1533 | -9/Materials | Hacking Suite fried by hacking feedback 1675 | -9/Materials | Core integrity fell below 50% 1688 | -9/Materials | Self-destructed Last Messages --------------- Found 4 active patrol squads. Downloaded coordinate data. >>Alert(Check) Current Alert Level: Low Security >>Access(Emergency) Found 1 emergency access door: (46,85) Map updated. 01623_ ALERT: Suspicious activity at Terminal M001. Dispatching Investigation squad. 01633_ Acquired 10 matter. 01645_ W-16 Scout sends out distress signal. 01653_ K-01 Serf collects debris. 01666_ Titanium Leg destroyed. 01668_ U-05 Engineer builds a Wall. 01675_ Ion Cannon destroyed. 01677_ U-05 Engineer builds a Wall. 01685_ Ion Cannon destroyed. 01687_ Shield Generator destroyed. 01687_ Titanium Leg destroyed. Map ----- +----------------------------------------------------+ | ?????????????????????????????????# ## #???? | | ?????????????????????????????????# ###########???? | | ?????????????????????????????????# #????????????## | | ?????????????????#???????????????# #????????????# | | ?????????????????# ??????????????# #????????????# | | ?????????????????# ?????????????# #????????????# | | ?????????????????# ????????????# #????????????# | | ????????????????## #????##???### ###??????????# | | ????????????????# ########## ########???# | | ????????????????# !%= # #???## | | ????????????????+ [! #????? | | ????????????????# # #???????? | | ????????????????# ###+###### #?##????????? | | ?????????????????# ?# ###+##########????? | | ?????????????????# ?# # #????? | | ????????????###??# ?# # #????? | | ????????????? ??# ## = # """ """ #????? | | ????????????? ?+ ## # """ """ #????? | | ?????????????? ?# ## # """ """ #????? | | ??????????????? # ## ! ##############????? | | ???????????????? # ## = *! #?????????????????? | | ?????????????????+ + =[%=#?????????????????? | | ?????????????????# ########%##??########???????? | | ?????????????????# # b #=#???#* |#???????? | | ?????????????????# # glg #!#???# #???????? | | ????????####+##??# + gg@ # #???# "" #???????? | | ????????? ?# # "" # ##### T" #???????? | | ???????# ?? ?# # S"" # / "" #???????? | | ???????# # # "" # # #???????? | | ??????????? # ######## ####+###???????? | | ????????#/##/##### #???????? | | ?? ##### ###### =[ =% ??? | | ??# ##### % #???# #????# =%! = | | ????? ????######+###+###?# #????# ! | | ?????????????# = #?# ?????# ###+##### | | ?????????????# """ """ #? ?????#######??? ??? | | ?????????????# "T" """ #? ???????????????? ? | | ?????????????# """ %#?##??????????????????"" | | ?????????????# #??????????????????????" | | ?????????????##############??????????????????????? | | | | | | | | | | | | | | | | | | | | | +----------------------------------------------------+ Best States ------------- Heat Dissipation 38 Energy Generation 14 Energy Capacity 265 Matter Stores 400 Matter Capacity 400 Sight Range 16 Robot Scan Range 14 Terrain Scan Range 16 Terrain Scan Density 10 Evasion (%) 55 Offensive Hacking 20 Item Schematics ----------------- None Robot Schematics ------------------ None Fabricated ------------ Nothing Alien Tech Used ----------------- None Achievements -------------- Dynamic Key Challenges ------------ None Game ------ Seed BackupZioniteReactor Manual? 0 Play Time 00:25:15 Cumulative 7.7 hours Start 2023.07.12 @ 14:46:41 End 2023.07.12 @ 15:32:50 Sessions 1 Manual Loads 0 Difficulty Rogue Special Mode None Game No. 4 Rogue 2 Adventurer 2 Explorer 0 Win Type - Total 0 Types 0/0/0/0/0/0/0/0/0 Lore% 11 Gallery% 14 Achievement% 15 Wizard Run 0 Options --------- ASCII 0 Keyboard 0 Movement Mouse Keybinds 0 Fullscreen 1 Font 18/SmallcapsGlow Map View 76x50 Tactical HUD 1 Map Filters NONE Filters NONE Steam 1 RUN: 0cd3ca47-6df7-4d30-9d36-df356a4b5d7e